 Dungeon Crawl Stone Soup version 0.24.0-13-gcf9b319 (webtiles) character file.

Game seed: 13609480460635566544, levelgen mode: deterministic

306 Fortress the Slasher (level 6, -1/84 HPs)
             Began as a Minotaur Abyssal Knight on Jan 11, 2020.
             Was a Believer of Lugonu.
             Slain by Prince Ribbit (7 damage)
             ... on level 6 of the Dungeon.
             The game lasted 00:12:57 (2084 turns).

Fortress the Slasher (Minotaur Abyssal Knight)      Turns: 2084, Time: 00:12:58

Health: -1/84      AC: 23    Str: 18    XL:     6   Next: 16%
Magic:  6/6        EV:  2    Int:  9    God:    Lugonu [**....]
Gold:   137        SH:  0    Dex: 10    Spells: 5/5 levels left

rFire    . . .     SeeInvis .   s - +3 scythe (venom)
rCold    . . .     Gourm    .   (shield currently unavailable)
rNeg     + + +     Faith    .   (armour currently unavailable)
rPois    +         Spirit   .   (helmet currently unavailable)
rElec    .         Reflect  .   (cloak currently unavailable)
rCorr    .         Harm     .   (gloves currently unavailable)
MR       .....     NoTele   +   (boots currently unavailable)
Stlth    +.........             (no amulet)
HPRegen  0.24/turn              (no ring)
MPRegen  0.10/turn              (no ring)

@: tree-form
A: (retaliatory headbutt)
a: Depart the Abyss, Bend Space, Renounce Religion


You were on level 6 of the Dungeon.
You worshipped Lugonu.
Lugonu was pleased with you.
You were hungry.
You were a tree.
You visited 1 branch of the dungeon, and saw 4 of its levels.
You visited the Abyss 1 time.

You collected 137 gold pieces.

Inventory:

Hand Weapons
 a - a +1 falchion
 o - a +2 dagger of draining
 s - a +3 scythe of venom (weapon)
 v - a +4 quarterstaff of chaos
Missiles
 b - 10 poisoned darts (quivered)
Armour
 j - a +0 plate armour (melded)
 q - a +0 pair of boots (melded)
 t - a +2 robe of magic resistance
 w - a +0 cloak (melded)
Wands
 u - a wand of flame (22)
Scrolls
 e - 2 scrolls of amnesia {unknown}
 f - 2 scrolls of identify
 g - 2 scrolls of enchant weapon {unknown}
 i - a scroll of fear {unknown}
 k - a scroll of remove curse {unknown}
 m - a scroll of teleportation {unknown}
 p - a scroll of random uselessness {unknown}
Potions
 d - 2 potions of degeneration
 h - a potion of brilliance {unknown}
 l - a potion of might
 n - a potion of lignification
 r - a potion of curing {unknown}
Comestibles
 c - 5 rations


   Skills:
 + Level 5.2 Fighting
 - Level 0.9(3.1) Short Blades
 - Level 5.3(5.4) Long Blades
 * Level 1.0 Polearms
 + Level 4.1 Armour
 + Level 1.7 Dodging
 + Level 2.0 Invocations


You had 5 spell levels left.
You didn't know any spells.
Your spell library was empty.

Dungeon Overview and Level Annotations

Branches:
Dungeon (3/15)

Altars:
Qazlal

Annotations:
D:6 Prince Ribbit


Innate Abilities, Weirdness & Mutations

((You reflexively headbutt those who attack you in melee.))
((You have a pair of horns on your head.))


Message History

Prince Ribbit hops awkwardly around.
Prince Ribbit hits you.
You miss Prince Ribbit.
Prince Ribbit is lightly wounded.
Prince Ribbit hits you. Prince Ribbit completely misses you.
Prince Ribbit says, "You're just another fly to me."
Prince Ribbit hits you but does no damage.
You closely miss Prince Ribbit.
Prince Ribbit is lightly wounded.
Prince Ribbit hits you!
* * * LOW HITPOINT WARNING * * *
Prince Ribbit hits you!
* * * LOW HITPOINT WARNING * * *
Prince Ribbit completely misses you.
You hit Prince Ribbit.
Prince Ribbit is poisoned.
Prince Ribbit is lightly wounded.
Prince Ribbit hits you!
* * * LOW HITPOINT WARNING * * *
Prince Ribbit hits you!
You die...

#...# .# #....
.. #....##.
#....#..
#....#.# #
.##....#.# .##
.......#.#...
####..F♣#.####
#..............
#.##....#.#####
#.........#
#.......#.#
#...###.#.#
#.....#....
#(#.#.#.#.##
#...#.# .#


You could see Prince Ribbit.

Vanquished Creatures
  Sigmund (D:2)
  Crazy Yiuf (D:2)
  6 gnolls (D:2)
  An ooze (D:2)
  2 worms
  A leopard gecko (D:2)
  2 orcs (D:3)
  6 bats
  2 giant cockroaches (D:1)
  4 goblins
  7 hobgoblins
  3 jackals (D:2)
  A quokka (D:3)
  4 ball pythons
  4 frilled lizards
  5 kobolds
  9 rats
59 creatures vanquished.

Notes
Turn   | Place    | Note
-------+----------+-------------------------------------------
     0 | Abyss:1  | Fortress the Minotaur Abyssal Knight began the quest for
                  | the Orb.
     0 | Abyss:1  | Reached XP level 1. HP: 19/19 MP: 1/1
     0 | Abyss:1  | Found a corrupted altar of Lugonu.
    48 | Abyss:1  | Noticed a golden eye
   229 | Abyss:1  | Found a stormy altar of Qazlal.
   229 | Abyss:1  | Noticed a soul eater
   230 | D:1      | Escaped the Abyss
   363 | D:1      | Reached XP level 2. HP: 27/27 MP: 2/2
   428 | D:1      | Reached * piety under Lugonu
   793 | D:2      | Reached XP level 3. HP: 15/33 MP: 3/3
  1127 | D:2      | Reached ** piety under Lugonu
  1127 | D:2      | Reached XP level 4. HP: 30/41 MP: 4/4
  1611 | D:2      | Found a runed translucent door.
  1612 | D:2      | Noticed Crazy Yiuf
  1640 | D:2      | Noticed Sigmund
  1648 | D:2      | Killed Sigmund
  1648 | D:2      | Reached skill level 5 in Fighting
  1648 | D:2      | Reached skill level 5 in Long Blades
  1648 | D:2      | Reached XP level 5. HP: 39/48 MP: 5/5
  1668 | D:2      | Reached XP level 6. HP: 35/56 MP: 6/6
  1888 | D:2      | Killed Crazy Yiuf
  2029 | D:3      | Reached skill level 1 in Polearms
  2059 | D:3      | You fall into a shaft and drop 3 floors!
  2069 | D:6      | Noticed Prince Ribbit
  2084 | D:6      | Slain by Prince Ribbit

Levels and vault maps discovered:
D:1:      ebering_trefoil_twist, layout_basic, minivault_4, nrook_loot_triangle
D:2:      layout_loops_ring, minmay_misc_feat_nine_boxes,
          uniq_crazy_yiuf_cottage, uniq_sigmund
D:3:      layout_basic, kennysheep_generic_room_4
D:6:      layout_basic, grunt_dithmenos_shadows, uniq_eustachio,
          uniq_prince_ribbit1, uniq_pikel

Skill      XL: |  1  2  3  4  5  6 |
---------------+-------------------+-----
Fighting       | 4 5 |  5.2
Long Blades    | 3 4 5 |  5.3
Invocations    | 2 |  2.0
Armour         | 3 4 |  4.1
Polearms       | 1 |  1.0
Short Blades   | |  0.9
Dodging        | |  1.7

Action                   |  1- 3 |  4- 6 || total
-------------------------+-------+-------++-------
Melee: Falchion          |    99 |    14 ||   113
       Headbutt          |    11 |     6 ||    17
       Dagger            |       |     9 ||     9
       Scythe            |       |    33 ||    33
Throw: Dart              |       |     1 ||     1
Invok: Depart the Abyss  |     1 |       ||     1
  Use: Scroll            |       |     2 ||     2
       Potion            |       |     2 ||     2
  Eat: Chunk             |       |     3 ||     3
Armor: Leather armour    |    15 |       ||    15
       Plate armour      |    21 |    40 ||    61
       Skin              |       |     1 ||     1
Dodge: Dodged            |    53 |    18 ||    71
       Rpst.: Falchion   |     9 |     1 ||    10
